 Dungeon Crawl Stone Soup version 0.28.0 (webtiles) character file.

Game seed: 2957819201361049597

4 sizableburger the Caller (level 1, 0/14 HPs)
             Began as a Mummy Summoner on Feb 7, 2022.
             Slain by a quokka (2 damage)
             ... on level 1 of the Dungeon.
             The game lasted 00:01:18 (139 turns).

sizableburger the Caller (Mummy Summoner)            Turns: 139, Time: 00:01:18

Health: 0/14       AC:  2    Str: 11    XL:     1   Next: 58%
Magic:  0/4        EV: 12    Int: 14    God:
Gold:   0          SH:  0    Dex: 12    Spells: 4/5 levels left

rFire   x . .      SeeInvis .   (no weapon)
rCold   + . .      Faith    .   (no shield)
rNeg    + + +      Spirit   .   a - +0 robe
rPois   ∞          Reflect  .   (no helmet)
rElec   .          Harm     .   (no cloak)
rCorr   .          Rampage  .   (no gloves)
Will    .....                   (no boots)
Stlth   ++........              (no amulet)
HPRegen 0.04/turn               (no ring)
MPRegen 0.09/turn               (no ring)

@: no status effects
A: cold resistance 1, negative energy resistance 3, torment resistance 2, heat
vulnerability 1, no potions
a: no special abilities


You were on level 1 of the Dungeon.
You visited 1 branch of the dungeon, and saw 1 of its levels.

Inventory:

Armour
 a - a +0 robe (worn)


   Skills:
 + Level 0.7 Fighting
 - Level 1.5 Dodging
 - Level 1.5 Stealth
 - Level 2.6 Spellcasting
 + Level 3.3 Summonings


You had 4 spell levels left.
You knew the following spells:

 Your Spells              Type           Power      Damage    Failure   Level
a - Summon Small Mammal   Summ           44%        N/A       5%          1

Your spell library contained the following spells:

 Spells                   Type           Power      Damage    Failure   Level
 Call Imp                 Summ           11%        N/A       9%          2
 Call Canine Familiar     Summ           11%        N/A       17%         3
 Summon Guardian Golem    Hex/Summ       6%         N/A       32%         3
 Summon Lightning Spire   Summ/Air       6%         N/A       73%         4


Dungeon Overview and Level Annotations

Branches:
Dungeon (1/15)

Altars:


Innate Abilities, Weirdness & Mutations

You are immune to poison.
Your flesh is cold resistant. (rC+)
You are immune to negative energy. (rN+++)
You are immune to unholy pain and torment.
You are vulnerable to heat. (rF-)
You do not drink.


Message History

The kobold misses your bat. The quokka closely misses your bat.
Your bat hits the quokka but does no damage.
Your bat barely misses the kobold.
Unknown command.
Your bat barely misses the quokka.
Your bat misses the kobold. Your bat misses the quokka.
Your bat hits the kobold. The quokka misses your bat.
The kobold closely misses your bat.
A goblin comes into view. It is wielding a +3 dagger.
Your bat hits the kobold but does no damage.
Your bat barely misses the kobold.
A jackal comes into view.
Your bat hits the quokka. The quokka barely misses your bat.
The kobold hits your bat with a +0 dagger.
Your bat dies!
Your bat's corpse disappears in a puff of smoke!
Casting: Summon Small Mammal (safe; 5% risk of failure)
Confirm with . or Enter, or press ? or * to list all spells.
Your bat hits the quokka. The quokka bites your bat.
The kobold throws a stone.
The stone barely misses you. The stone hits your rat.
Your bat hits the quokka but does no damage.
You swap places.
Your bat closely misses the quokka.
Your bat hits the quokka. The quokka bites your bat.
Your bat dies!
Your bat's corpse disappears in a puff of smoke!
Your rat barely misses the kobold.
The kobold throws a stone.
The stone barely misses your rat. The stone closely misses you.
The stone completely misses the quokka.
Your rat bites the kobold but does no damage.
The quokka barely misses you.
The kobold hits your rat with a +0 dagger.
Your rat dies!
Your rat's corpse disappears in a puff of smoke!
The kobold hits you with a +0 dagger.
* * * LOW HITPOINT WARNING * * *
You can't drink.
You aren't carrying any scrolls.
You hit the quokka but do no damage.
The quokka is severely wounded.
The quokka bites you.
You die...

#.####.####.########
#....)).r.rS........
###########K##.###.#
#.# # #l# #.# . #[#
...h#######S#


...g.hhr@KlK# ...g######### . You could see a quokka, 3 jackals, a hobgoblin, a
goblin, a ball python, 2 kobolds and a frilled lizard.

Vanquished Creatures
  A kobold (D:1)
1 creature vanquished.

Vanquished Creatures (collateral kills)
  An endoplasm (D:1)
  A hobgoblin (D:1)
  A kobold (D:1)
3 creatures vanquished.

Grand Total: 4 creatures vanquished

Notes
Turn   | Place    | Note
-------+----------+-------------------------------------------
     0 | D:1      | sizableburger the Mummy Summoner began the quest for the
                  | Orb.
     0 | D:1      | Reached XP level 1. HP: 13/13 MP: 4/4
   139 | D:1      | Slain by a quokka

Illustrated notes

Levels and vault maps discovered:
D:1:      dpeg_arrival_signposts, layout_loops_ring,
          hellmonk_ecumenical_altar_run_dry

Action                   || total
-------------------------++-------
Melee: Unarmed           ||     8
 Cast: Summon Small Mamm ||    10
 Stab: Sleeping          ||     2
Armor: Robe              ||     3
Dodge: Dodged            ||    15
